 Dungeon Sprint DCSS version 0.17-a0-1570-g74b7129 (webtiles) character file.

2291 tt080 the Destroyer (level 9, -3/62 HPs)
             Began as a Mottled Draconian Air Elementalist on July 23, 2015.
             Was the Champion of Sif Muna.
             Slain by a black mamba (6 damage)
             ... in the Dungeon (Sprint IX: "|||||||||||||||||||||||||||||").
             The game lasted 00:05:03 (369 turns).

tt080 the Destroyer (DrAE)                           Turns: 369, Time: 00:05:03

Health: -3/62      AC: 16    Str: 14    XL:     9   Next: 17%
Magic:  5/21       EV: 18    Int: 18    God:    Sif Muna [******]
Gold:   0          SH:  0    Dex: 12    Spells: 5 memorised, 8 levels left

rFire  . . .     SeeInvis .     o - +2 dire flail (protect)
rCold  . . .     Clarity  .     (armour unavailable)
rNeg   . . .     SustAt   .     (no shield)
rPois  .         Gourm    .     (helmet restricted)
rElec  .         Spirit   .     q - +0 cloak
rCorr  .         Warding  .     p - +2 pair of gloves
rMut   .         NoTele   +     (no boots)
MR     .....                    (no amulet)
Stlth  ++........               s - +3 ring of strength
                                r - +2 ring of evasion

@: lethally poisoned (-3 -> -26), not resistant to hostile enchantments,
unstealthy
A: breathe sticky flame splash, unfitting armour, cold-blooded, AC +7
a: Breathe Sticky Flame, Channel Energy, Forget Spell, Renounce Religion


You were in the Dungeon.
You worshipped Sif Muna.
Sif Muna was exalted by your worship.
You were very hungry.

You visited 1 branch

Inventory:

Hand weapons
 o - a +2 dire flail of protection (weapon)
Armour
 p - a +2 pair of gloves (worn)
 q - a +0 cloak (worn)
Magical staves
 n - an uncursed staff of energy
Jewellery
 r - a +2 ring of evasion (left hand)
 s - a +3 ring of strength (right hand)
Magical devices
 m - a wand of cold (3)
Scrolls
 h - 4 scrolls of blinking
 k - 4 scrolls of remove curse
 l - 2 scrolls of amnesia
 x - 2 scrolls of enchant weapon
Potions
 c - 4 potions of curing
 d - 4 potions of heal wounds
 e - a potion of haste
 f - 4 potions of magic
 g - a potion of berserk rage
 j - a potion of invisibility
 u - a potion of resistance
 v - a potion of cure mutation
 w - a potion of brilliance
Books
 a - a book of Air

   Spells                             Type                      Level
   a - Shock                          Conjuration/Air              1
   b - Swiftness                      Charms/Air                   2
   c - Repel Missiles                 Charms/Air                   2
   d - Static Discharge               Conjuration/Air              3
   e - Lightning Bolt                 Conjuration/Air              5
 t - Sif Muna's Reference Book on Conjuration and the Blaze
   (Sif Muna gifted it to you in the Dungeon)

   Spells                             Type                      Level
   a - Bolt of Magma                  Conjuration/Fire/Earth       5
   b - Bolt of Fire                   Conjuration/Fire             6
   c - Fire Storm                     Conjuration/Fire             9
Comestibles
 b - a bread ration
 i - 12 chunks of flesh


   Skills:
 + Level 8.2 Dodging
 - Level 2.3 Stealth
 + Level 8.4 Spellcasting
 - Level 11.2 Conjurations
 * Level 4.9 Fire Magic
 - Level 9.0 Air Magic
 * Level 9.0 Invocations


You had 8 spell levels left.
You knew the following spells:

 Your Spells              Type           Power        Failure   Level  Hunger
a - Shock                 Conj/Air       ####         1%          1    None
b - Repel Missiles        Chrm/Air       ###...       1%          2    None
c - Swiftness             Chrm/Air       ###.....     1%          2    None
d - Lightning Bolt        Conj/Air       #####.....   4%          5    #####..
e - Bolt of Fire          Conj/Fire      #####.....   58%         6    ######.


Dungeon Overview and Level Annotations

Branches:
Dungeon (1/1)

Altars:
Cheibriados
Dithmenos
Elyvilon
Fedhas
Gozag
Kikubaaqudgha
Makhleb
Nemelex Xobeh
Okawaru
Qazlal
Ru
Sif Muna
Trog
Vehumet
Xom
Yredelemnul
Zin
The Shining One
Beogh
Jiyva
Lugonu


Innate Abilities, Weirdness & Mutations

You can spit globs of burning liquid.
You can ignite nearby creatures when you spit burning liquid.
Your weird mottled scales are hard (AC +7).
Your body does not fit into most forms of armour.
You are cold-blooded and may be slowed by cold attacks.


Message History

You feel better. The black mamba bites you.
* * * LOW HITPOINT WARNING * * *
You are poisoned.
The black mamba poisons you! The black mamba completely misses you.
Eat one of 13 chunks of flesh? (ye/n/q/i?) This raw flesh tastes terrible.
You are feeling very hungry.
You feel sick. The black mamba bites you!
* * * LOW HITPOINT WARNING * * *
You are lethally poisoned!
The black mamba poisons you! The black mamba bites you!
* * * LOW HITPOINT WARNING * * *
You continue eating.
* * * LOW HITPOINT WARNING * * *
You feel sick.
The black mamba bites you but does no damage.
You continue eating.
* * * LOW HITPOINT WARNING * * *
You feel sick. The black mamba bites you.
You die...

▓▓▓▓▓▓▓▓▓▓▓▓▓▓▓▓▓▓▓▓▓▓▓▓
..'.....(().....@S†.....
▓▓▓▓▓▓▓▓▓▓▓▓▓▓▓▓▓▓▓▓▓▓▓▓▓▓▓▓▓▓▓▓▓
.................................
▓▓▓▓▓▓▓▓▓▓▓▓▓▓▓▓▓▓▓▓▓▓▓▓▓▓▓▓▓▓▓▓▓
'..÷..)...).'____________________
▓▓▓▓▓▓▓▓▓▓▓▓▓▓▓▓▓▓▓▓▓▓▓▓▓▓▓▓▓▓▓▓▓


You could see a black mamba.

Vanquished Creatures
  2 hill giants (D)
  A yak (D)
  A basilisk (D)
  A hippogriff (D)
  A vampire mosquito (D)
  2 water moccasins (D)
  A porcupine (D)
  A sky beast (D)
  A wasp (D)
  An ice beast (D)
  A crocodile (D)
  A giant frog (D)
  3 orc wizards (D)
  3 iguanas (D)
  An ooze (D)
  2 orcs (D)
  A bat (D)
  A ball python (D)
  A giant newt (D)
  A goblin (D)
  2 jackals (D)
  A rat (D)
30 creatures vanquished.

Notes
Turn   | Place    | Note
--------------------------------------------------------------
     0 | D        | tt080 the Draconian Air Elementalist began the quest for the Orb.
     0 | D        | Reached XP level 1. HP: 14/14 MP: 3/3
    16 | D        | Reached XP level 2. HP: 15/20 MP: 0/5
    24 | D        | Learned a level 2 spell: Repel Missiles
    27 | D        | Learned a level 2 spell: Swiftness
    63 | D        | Reached skill level 4 in Air Magic
    77 | D        | Found a glowing silver altar of Zin.
    77 | D        | Found a glowing golden altar of the Shining One.
    77 | D        | Found an ancient bone altar of Kikubaaqudgha.
    77 | D        | Found a basalt altar of Yredelemnul.
    77 | D        | Found a shimmering altar of Xom.
    77 | D        | Found a radiant altar of Vehumet.
    78 | D        | Found an iron altar of Okawaru.
    79 | D        | Found a burning altar of Makhleb.
    80 | D        | Found a deep blue altar of Sif Muna.
    81 | D        | Found a bloodstained altar of Trog.
    82 | D        | Found a sparkling altar of Nemelex Xobeh.
    83 | D        | Found a white marble altar of Elyvilon.
    84 | D        | Found a roughly hewn altar of Beogh.
    85 | D        | Found a viscous altar of Jiyva.
    86 | D        | Found a corrupted altar of Lugonu.
    87 | D        | Found a blossoming altar of Fedhas.
    88 | D        | Became a worshipper of Sif Muna the Loreminder
    89 | D        | Found a snail-covered altar of Cheibriados.
    90 | D        | Found a shadowy altar of Dithmenos.
    91 | D        | Found a stormy altar of Qazlal.
    92 | D        | Found an opulent altar of Gozag.
    93 | D        | Found a sacrificial altar of Ru.
   134 | D        | Noticed an orc wizard
   134 | D        | Noticed an ice beast
   134 | D        | Noticed a wasp
   134 | D        | Noticed an orc wizard
   134 | D        | Noticed a yak
   134 | D        | Noticed a sky beast
   142 | D        | Killed a wasp
   142 | D        | Acquired Sif Muna's first power
   142 | D        | Reached skill level 5 in Conjurations
   142 | D        | Reached skill level 5 in Air Magic
   142 | D        | Reached XP level 3. HP: 16/26 MP: 0/8
   142 | D        | Reached XP level 4. HP: 20/33 MP: 0/10
   142 | D        | Killed an orc wizard
   142 | D        | Acquired Sif Muna's second power
   144 | D        | Killed a yak
   144 | D        | Reached skill level 5 in Dodging
   144 | D        | Reached skill level 5 in Spellcasting
   144 | D        | Reached skill level 7 in Conjurations
   144 | D        | Reached XP level 5. HP: 23/38 MP: 1/13
   144 | D        | Reached XP level 6. HP: 27/45 MP: 1/14
   151 | D        | Killed an orc wizard
   159 | D        | Killed an ice beast
   159 | D        | Acquired Sif Muna's third power
   159 | D        | Reached skill level 8 in Conjurations
   165 | D        | Killed a sky beast
   165 | D        | Reached skill level 9 in Conjurations
   190 | D        | Learned a level 5 spell: Lightning Bolt
   190 | D        | Noticed an orc wizard
   190 | D        | Noticed a giant frog
   190 | D        | Noticed an iguana
   190 | D        | Noticed a hill giant
   190 | D        | Noticed a vampire mosquito
   190 | D        | Noticed a hill giant
   192 | D        | Killed an orc wizard
   194 | D        | Killed a giant frog
   194 | D        | Your scales start taking on a weird mottled colour.
   194 | D        | Reached XP level 7. HP: 44/50 MP: 0/16
   194 | D        | Killed an iguana
   198 | D        | Killed a hill giant
   198 | D        | Reached skill level 10 in Conjurations
   198 | D        | Reached skill level 5 in Invocations
   198 | D        | Reached XP level 8. HP: 50/57 MP: 3/18
   204 | D        | Killed a hill giant
   204 | D        | Received a gift from Sif Muna
   204 | D        | Reached skill level 11 in Conjurations
   204 | D        | Killed a vampire mosquito
   205 | D        | Identified Sif Muna's Reference Book on Conjuration and the Blaze (Sif Muna gifted it to you in the Dungeon)
   213 | D        | Learned a level 6 spell: Bolt of Fire
   343 | D        | Noticed a water moccasin
   343 | D        | Noticed a hippogriff
   343 | D        | Noticed a basilisk
   343 | D        | Noticed an iguana
   343 | D        | Noticed a crocodile
   343 | D        | Noticed a water moccasin
   344 | D        | Noticed an iguana
   346 | D        | Killed a basilisk
   346 | D        | Reached skill level 1 in Fire Magic
   347 | D        | Killed a hippogriff
   349 | D        | Noticed a black mamba
   350 | D        | Noticed a porcupine
   355 | D        | Killed an iguana
   356 | D        | Killed a water moccasin
   356 | D        | Reached XP level 9. HP: 56/62 MP: 10/21
   356 | D        | Killed a crocodile
   356 | D        | Killed a water moccasin
   356 | D        | Killed an iguana
   361 | D        | Killed a porcupine
   361 | D        | Received a gift from Sif Muna
   369 | D        | HP: 3/62 [poisoned by a black mamba]
   369 | D        | Slain by a black mamba

Vault maps used:
D:        linesprint

Action                   |  1- 3 |  4- 6 |  7- 9 || total
-------------------------+-------+-------+-------++-------
Melee: Unarmed           |     3 |       |       ||     3
       Dire flail        |       |     6 |     1 ||     7
 Cast: Shock             |    12 |     8 |       ||    20
       Lightning Bolt    |       |     2 |    12 ||    14
Invok: Channel Energy    |       |     9 |    19 ||    28
Evoke: Wand              |       |     4 |       ||     4
  Use: Potion            |     1 |     1 |     1 ||     3
       Scroll            |       |       |     2 ||     2
  Eat: Chunk             |       |       |     5 ||     5
